 Dungeon Crawl Stone Soup version 0.22-a0-40-g3d2f077 (webtiles) character file.

142 tof the Ducker (level 5, 0/47 HPs)
             Began as a Gnoll Monk on Jan 4, 2018.
             Succumbed to a gnoll's poison
             ... on level 2 of the Dungeon.
             The game lasted 00:03:25 (1770 turns).

tof the Ducker (Gnoll Monk)                         Turns: 1770, Time: 00:03:26

Health: 0/47       AC:  6    Str: 15    XL:     5   Next: 24%
Magic:  7/7        EV: 17    Int: 14    God:
Gold:   53         SH:  0    Dex: 19    Spells: 6/6 levels left

rFire    . . .     SeeInvis .   a - +0 falchion
rCold    . . .     Gourm    .   (no shield)
rNeg     . . .     Faith    .   f - +0 leather armour
rPois    .         Spirit   .   (no helmet)
rElec    .         Reflect  .   (no cloak)
rCorr    .         Harm     .   i - +0 pair of gloves
MR       .....                  (no boots)
Stlth    +++.......             (no amulet)
HPRegen  0.15/turn              j - +2 ring of protection
MPRegen  0.10/turn              (no ring)

@: lethally poisoned (0 -> -3), hasted, very quick
A: distributed training, fangs 1, molten scales 1, clever 1, deformed body,
strong 1, strong nose
a: no special abilities


You were on level 2 of the Dungeon.
You were not hungry.

You visited 1 branch of the dungeon, and saw 2 of its levels.

You collected 53 gold pieces.

Inventory:

Hand Weapons
 a - a +0 falchion (weapon)
Armour
 f - a +0 leather armour (worn)
 i - a +0 pair of gloves (worn)
Jewellery
 j - a +2 ring of protection (left hand)
Scrolls
 h - a scroll of remove curse
Comestibles
 c - 3 rations
 l - 4 chunks of flesh


   Skills:
 + Level 6.6 Fighting
 + Level 1.4 Short Blades
 + Level 6.6 Long Blades
 + Level 1.4 Axes
 + Level 1.4 Maces & Flails
 + Level 1.4 Polearms
 + Level 1.4 Staves
 + Level 1.4 Slings
 + Level 1.4 Bows
 + Level 1.4 Crossbows
 + Level 1.4 Throwing
 + Level 1.4 Armour
 + Level 6.6 Dodging
 + Level 4.3 Stealth
 + Level 1.4 Shields
 + Level 1.4 Unarmed Combat
 + Level 1.4 Spellcasting
 + Level 1.1 Conjurations
 + Level 1.1 Hexes
 + Level 1.1 Charms
 + Level 1.1 Summonings
 + Level 1.1 Necromancy
 + Level 1.1 Translocations
 + Level 1.1 Transmutations
 + Level 1.1 Fire Magic
 + Level 1.1 Ice Magic
 + Level 1.1 Air Magic
 + Level 1.1 Earth Magic
 + Level 1.1 Poison Magic
 + Level 1.5 Invocations
 + Level 1.4 Evocations


You had 6 spell levels left.
You didn't know any spells.

Dungeon Overview and Level Annotations

Branches:
Dungeon (2/15)

Altars:
Zin


Innate Abilities, Weirdness & Mutations

Your experience applies equally to all skills.
You have very sharp teeth.
Your uncanny sense of smell can sniff out nearby items.
You are partially covered in molten scales. (AC +2)
Your mind is acute. (Int +2)
Armour fits poorly on your strangely shaped body.
Your muscles are strong. (Str +2)


Message History

A bat comes into view.
* * * LOW HITPOINT WARNING * * *
You feel sick.
* * * LOW HITPOINT WARNING * * *
You feel sick. The bat closely misses you. The bat barely misses you.
You riposte.
You hit the bat.
The bat is severely wounded.
The bat hits you but does no damage.
* * * LOW HITPOINT WARNING * * *
You feel sick. The bat hits you.
* * * LOW HITPOINT WARNING * * *
The bat closely misses you. The bat misses you.
You riposte.
You hit the bat.
You kill the bat!
* * * LOW HITPOINT WARNING * * *
You feel sick.
* * * LOW HITPOINT WARNING * * *
You feel sick.
* * * LOW HITPOINT WARNING * * *
You feel sick.
You die...

......####.†##.#
#...###
###...<........#
#...#..
###.........>#
#...#.#
#.####..####
##.##.# # #..#
#.##.# #..######
#.##.# #........
#.##.#
##.######.#
#.##..
#.....@...#
#.###.
##.######## #.#
#. #.. #.# #.
### #.# #. #.#
#. #.# #. ##.#
#. #..# ## #.##


There were no monsters in sight!

Vanquished Creatures
  A hound (D:2)
  Robin (D:2)
  A gnoll (D:2)
  3 adders (D:2)
  4 dart slugs
  A leopard gecko (D:1)
  18 goblins
  6 hobgoblins
  3 jackals (D:1)
  6 kobolds (D:1)
  A quokka (D:2)
  3 bats
  2 frilled lizards
  6 rats
56 creatures vanquished.

Notes
Turn   | Place    | Note
-------+----------+-------------------------------------------
     0 | D:1      | tof the Gnoll Monk began the quest for the Orb.
     0 | D:1      | Reached XP level 1. HP: 23/23 MP: 1/1
    99 | D:1      | Reached XP level 2. HP: 27/29 MP: 2/2
   406 | D:1      | Reached XP level 3. HP: 35/35 MP: 3/3
   795 | D:2      | Reached skill level 1 in Invocations
   811 | D:2      | Reached skill level 1 in Short Blades
   811 | D:2      | Reached skill level 1 in Axes
   811 | D:2      | Reached skill level 1 in Maces & Flails
   811 | D:2      | Reached skill level 1 in Polearms
   811 | D:2      | Reached skill level 1 in Staves
   811 | D:2      | Reached skill level 1 in Slings
   811 | D:2      | Reached skill level 1 in Bows
   811 | D:2      | Reached skill level 1 in Crossbows
   811 | D:2      | Reached skill level 1 in Throwing
   811 | D:2      | Reached skill level 1 in Armour
   811 | D:2      | Reached skill level 1 in Shields
   811 | D:2      | Reached skill level 1 in Unarmed Combat
   811 | D:2      | Reached skill level 1 in Spellcasting
   811 | D:2      | Reached skill level 1 in Evocations
   811 | D:2      | Reached XP level 4. HP: 30/41 MP: 5/5
  1196 | D:2      | Found a glowing silver altar of Zin.
  1216 | D:2      | Reached skill level 1 in Conjurations
  1216 | D:2      | Reached skill level 1 in Hexes
  1216 | D:2      | Reached skill level 1 in Charms
  1216 | D:2      | Reached skill level 1 in Summonings
  1216 | D:2      | Reached skill level 1 in Necromancy
  1216 | D:2      | Reached skill level 1 in Translocations
  1216 | D:2      | Reached skill level 1 in Transmutations
  1216 | D:2      | Reached skill level 1 in Fire Magic
  1216 | D:2      | Reached skill level 1 in Ice Magic
  1216 | D:2      | Reached skill level 1 in Air Magic
  1216 | D:2      | Reached skill level 1 in Earth Magic
  1216 | D:2      | Reached skill level 1 in Poison Magic
  1354 | D:2      | Noticed Robin
  1382 | D:2      | Killed Robin
  1382 | D:2      | Reached XP level 5. HP: 8/47 MP: 6/6
  1748 | D:2      | Gained mutation: Your muscles are strong. (Str +2) [potion of mutation]
  1748 | D:2      | Gained mutation: Your mind is acute. (Int +2) [potion of mutation]
  1748 | D:2      | Gained mutation: Armour fits poorly on your strangely shaped body. [potion of mutation]
  1748 | D:2      | Gained mutation: You are partially covered in molten scales. (AC +2) [potion of mutation]
  1764 | D:2      | HP: 2/47 [poisoned by a gnoll]
  1770 | D:2      | Succumbed to a gnoll's poison

Vault maps used:
D:1:      sevenhm_arrival_forest_fort_small_4
D:2:      makhleb_blood_cavern_becter, zin_scriptorium,
          chequers_ecumenical_altar_lobes, hangedman_decor_riveting,
          kennysheep_generic_room_12, uniq_robin, uniq_natasha

Skill      XL: |  1  2  3  4 |
---------------+-------------+-----
Invocations    | 1 |  1.5
Short Blades   | 1 |  1.4
Axes           | 1 |  1.4
Maces & Flails | 1 |  1.4
Polearms       | 1 |  1.4
Staves         | 1 |  1.4
Slings         | 1 |  1.4
Bows           | 1 |  1.4
Crossbows      | 1 |  1.4
Throwing       | 1 |  1.4
Armour         | 1 |  1.4
Shields        | 1 |  1.4
Unarmed Combat | 1 |  1.4
Spellcasting   | 1 |  1.4
Evocations     | 1 |  1.4
Conjurations   | 1 |  1.1
Hexes          | 1 |  1.1
Charms         | 1 |  1.1
Summonings     | 1 |  1.1
Necromancy     | 1 |  1.1
Translocations | 1 |  1.1
Transmutations | 1 |  1.1
Fire Magic     | 1 |  1.1
Ice Magic      | 1 |  1.1
Air Magic      | 1 |  1.1
Earth Magic    | 1 |  1.1
Poison Magic   | 1 |  1.1
Fighting       | |  6.6
Long Blades    | |  6.6
Dodging        | |  6.6
Stealth        | |  4.3

Action                   |  1- 3 |  4- 6 || total
-------------------------+-------+-------++-------
Melee: Falchion          |    74 |    73 ||   147
       Bite              |     6 |    22 ||    28
       Punch             |     1 |       ||     1
  Use: Potion            |       |     4 ||     4
       Scroll            |       |     1 ||     1
 Stab: Sleeping          |     7 |     2 ||     9
  Eat: Chunk             |       |     3 ||     3
Armor: Robe              |    16 |     1 ||    17
       Leather armour    |       |    12 ||    12
Dodge: Dodged            |    64 |    67 ||   131
       Rpst.: Falchion   |    17 |    24 ||    41

Table legend:
 A = Spawn XP
 B = Non-spawn XP
 C = Spawn XP percentage of total XP
 D = Spawn monster count
 E = Non-spawn monster count
 F = Spawn count percentage of total count
 G = Total turns spent on level
                    A         B        C        D         E        F      G
               +---------+---------+-------+---------+---------+-------+---------
         Total |       0 |     203 |   0.0 |       0 |      56 |   0.0 |  1770
               +---------+---------+-------+---------+---------+-------+---------
           D:1 |       0 |      58 |   0.0 |       0 |      32 |   0.0 |  1058
           D:2 |       0 |     145 |   0.0 |       0 |      24 |   0.0 |   712
               +---------+---------+-------+---------+---------+-------+---------
